 Dungeon Crawl Stone Soup version 0.32-a0-933-ga8fa3634e4 (webtiles) character file.

Game seed: 133024688696917899

248918 jasper the Middleweight Champion (level 19, -1/177 HPs)
             Began as a Ghoul Fighter on Apr 14, 2024.
             Was the Champion of Makhleb.
             Killed from afar by a deep elf zephyrmancer (13 damage)
             ... with a bolt of lightning
             ... on level 2 of the Orcish Mines.
             The game lasted 01:03:29 (34812 turns).

jasper the Middleweight Champion (Ghoul Fighter)   Turns: 34812, Time: 01:03:29

Health: -1/177     AC: 42    Str: 25    XL:     19   Next: 58%
Magic:  19/19      EV:  3    Int:  7    God:    Makhleb [******]
Gold:   124        SH: 24    Dex:  8    Spells: 13/18 levels left

rFire   + +          +
                       - Unarmed
rCold   + . .        e - +2 tower shield {rF+}
rNeg    + + +        t - +3 crystal plate armour
rPois   ∞            o - +2 helmet
rElec   .            j - +2 cloak {Will+}
rCorr   .            (no gloves)
SInv    .            W - +2 pair of boots of Tender Moments {rF+ Regen+}
Will    +++..        m - amulet of Gaink {Reflect rF+ Will+ Str-3 SH+5} Stlth
                     u - +4 ring of protection
HPRegen 0.00/turn    K - +4 ring of protection
MPRegen 0.16/turn

%: reflection
@: inhibited regen, studying Fighting
A: claws 1, cold resistance 1, negative energy resistance 3, inhibited
regeneration, torment resistance 2, devour on kill
}: 2/15 runes: decaying, serpentine
a: Renounce Religion, Minor Destruction, Lesser Servant of Makhleb, Major
Destruction, Greater Servant of Makhleb


You were on level 2 of the Orcish Mines.
You worshipped Makhleb.
Makhleb was exalted by your worship.
You visited 7 branches of the dungeon, and saw 32 of its levels.
You visited the Abyss 1 time.

You collected 2663 gold pieces.
You spent 2539 gold pieces at shops.

Inventory:

Missiles
 q - 8 curare-tipped darts
 y - 20 boomerangs (quivered)
 J - 7 throwing nets
 L - 12 javelins
 V - 12 silver javelins
Armour
 e - a +2 tower shield of fire resistance (worn)
 j - a +2 cloak of willpower (worn)
 o - a +2 helmet (worn)
 t - a +3 crystal plate armour (worn)
 W - the +2 pair of boots of Tender Moments (worn) {rF+ Regen+}
   (You bought it in a shop on level 2 of the Snake Pit)

   rF+:       It protects you from fire.
   Regen+:    It increases your rate of health regeneration.
Jewellery
 a - a ring of resist corrosion
 b - a ring of willpower
 m - the amulet of Gaink (around neck) {Reflect rF+ Will+ Str-3 SH+5}
   (You took it off a death knight on level 11 of the Dungeon)

   [amulet of reflection]

   Reflect:   It reflects blocked missile attacks.
   Str-3:     It affects your strength (-3).
   rF+:       It protects you from fire.
   Will+:     It increases your willpower.
   SH+5:      It affects your SH (+5).
 u - a +4 ring of protection (left claw)
 K - a +4 ring of protection (right claw)
 N - a ring of willpower
 Z - a ring of flight
Wands
 g - a wand of warping (30)
 n - a wand of acid (21)
 C - a wand of polymorph (40)
 D - a wand of mindburst (16)
 H - a wand of flame (40)
 O - a wand of digging (13)
 Y - a wand of charming (29)
Scrolls
 p - 2 scrolls of butterflies
 r - 6 scrolls of blinking
 s - 3 scrolls of vulnerability
 w - 13 scrolls of teleportation
 A - 3 scrolls of revelation
 B - a scroll of immolation
 G - a scroll of torment
 M - 8 scrolls of identify
 S - 5 scrolls of poison
 T - 5 scrolls of fog
 U - 4 scrolls of fear
Potions
 c - 2 potions of might
 f - 4 potions of brilliance
 h - 2 potions of resistance
 i - 2 potions of ambrosia
 k - a potion of haste
 l - 21 potions of curing
 v - 4 potions of heal wounds
 x - 5 potions of mutation
 z - 5 potions of invisibility
 E - 4 potions of enlightenment
 F - 6 potions of attraction
 I - 6 potions of cancellation
 X - a potion of magic
Miscellaneous
 d - a tin of tremorstones (2/2)
 P - a phial of floods
 Q - a lightning rod (4/4)
 R - a sack of spiders


   Skills:
 * Level 17.0 Fighting
 + Level 10.6 Armour
 + Level 16.3 Shields
 O Level 27 Unarmed Combat


You had 13 spell levels left.
You knew the following spells:

 Your Spells              Type           Power      Damage    Failure   Level
a - Blink                 Tloc           0%         N/A       100%        2
b - Swiftness             Air            0%         N/A       100%        3

Your spell library contained the following spells:

 Spells                   Type           Power      Damage    Failure   Level
 Shock                    Conj/Air       0%         1d3       100%        1
 Cigotuvi's Dreadful Rot  Necr/Alch/Air  0%         N/A       100%        2
 Ensorcelled Hibernation  Hex/Ice        0%         N/A       100%        2
 Lesser Beckoning         Tloc           0%         N/A       100%        2
 Mercury Vapours          Alch/Air       0%         N/A       100%        2
 Momentum Strike          Conj/Tloc      0%         3d8       100%        2
 Frozen Ramparts          Ice            0%         1d1       100%        3
 Mephitic Cloud           Conj/Alch/Air  0%         N/A       100%        3
 Ozocubu's Armour         Ice            0%         N/A       100%        3
 Passwall                 Erth           0%         N/A       100%        3
 Tukima's Dance           Hex            0%         N/A       100%        3
 Volatile Blastmotes      Fire/Tloc      0%         2d10      100%        3
 Airstrike                Air            0%         2d(0-16)  100%        4
 Anguish                  Hex/Necr       0%         N/A       100%        4
 Brom's Barrelling Bould  Conj/Erth      0%         2d3       100%        4
 Cause Fear               Hex            0%         N/A       100%        4
 Dispel Undead            Necr           0%         3d6       100%        4
 Fulminant Prism          Conj/Alch      0%         3d5       100%        4
 Iskenderun's Mystic Bla Conj/Tloc 0%             2d3        (+2d1     100%        4
 Martyr's Knell           Necr/Summ      0%         N/A       100%        4
 Passage of Golubria      Tloc           0%         N/A       100%        4
 Vhi's Electric Charge    Tloc/Air       0%         N/A       100%        4
 Fireball                 Conj/Fire      0%         3d3       100%        5
 Freezing Cloud           Conj/Ice/Air   0%         6-21      100%        5
 Iskenderun's Battlesphe  Conj           0%         2d6       100%        5
 Metabolic Englaciation   Hex/Ice        0%         N/A       100%        5
 Yara's Violent Unravell  Hex/Alch       0%         3d3       100%        5
 Bombard                  Conj/Erth      0%         9d1       100%        6
 Conjure Ball Lightning   Conj/Air       0%         3x3d6     100%        6
 Enfeeble                 Hex            0%         N/A       100%        7
 Orb of Destruction       Conj           0%         9d5       100%        7


Dungeon Overview and Level Annotations

Branches:
Dungeon (15/15)            Temple (1/1) D:4            Lair (5/5) D:10
  Swamp (4/4) Lair:3        Snake (4/4) Lair:2        Slime (0/5) Lair:4
    Orc (2/2) D:12            Elf (1/3) Orc:2        Vaults (0/5) D:14
 Depths (0/4) D:15

Altars:
Ashenzari
Cheibriados
Dithmenos
Fedhas
Gozag
Hepliaklqana
Kikubaaqudgha
Makhleb
Nemelex Xobeh
Okawaru
Qazlal
Ru
Sif Muna
Trog
Uskayaw
Vehumet
Wu Jian
Xom
Yredelemnul
Beogh
Jiyva

Shops:
D:7 :   D:9 :   D:10 *   D:12 =   D:15 [   Orc:2 *:*[:   Snake:2 [
Snake:4 [?=!?

Annotations:
Swamp:1 2 transporters, exclusion: orange crystal statue
Snake:4 2 transporters, exclusion: 2 doors, Hsik's ghost, adept OnFi


Innate Abilities, Weirdness & Mutations

You are immune to poison.
You have sharp fingernails.
Your flesh is cold resistant. (rC+)
You are immune to negative energy. (rN+++)
You do not regenerate when monsters are visible.
You are immune to unholy pain and torment.
You thrive by killing the living.


Message History

You closely miss the deep elf zephyrmancer.
The deep elf knight hits you but does no damage.
You block something's attack.
Deactivating autopickup; reactivate with Ctrl-A.
The deep elf zephyrmancer hits you but does no damage.
You completely miss the deep elf zephyrmancer.
You scratch the deep elf zephyrmancer but do no damage.
The deep elf knight gestures at you while chanting.
The lance of force hits you!!
You are knocked back by the lance of force.
You slam into the rock wall.
Something hits you!!
The deep elf zephyrmancer mumbles some strange words.
The deep elf zephyrmancer blinks!
You take 46 damage, and have 100/177 hp.
MASSIVE DAMAGE!!
Something hits you!
You take 7 damage, and have 93/177 hp.
You mangle something!!
The deep elf knight casts a spell.
The deep elf knight flickers and vanishes!
You block something's attack.
The deep elf zephyrmancer points at you and mumbles some strange words.
The bolt of lightning hits you! The bolt of lightning hits you!!
* * * LOW HITPOINT WARNING * * *
You take 41 damage, and have 52/177 hp.
MASSIVE DAMAGE!!
You barely miss something. You closely miss something.
Something hits you but does no damage. x2
Something blocks your attack. Something blocks your attack.
Something hits you but does no damage. You block something's attack.
You eviscerate the deep elf zephyrmancer!!!
The deep elf zephyrmancer is almost dead.
Something hits you.
* * * LOW HITPOINT WARNING * * *
You hear some strange, mumbled words.
The deep elf zephyrmancer casts a spell at you.
The bolt of lightning hits you!!!
* * * LOW HITPOINT WARNING * * *
The bolt of lightning hits you!
You die...

......######.....#####.......####
........##.#.......###........#.#
....................##........#..
.................................
....#.......#..............#.....
..#.#......####...........##.....
#######.....####.......######....
..#.#.........##{{......#.#.##...
..#...........##@e.)......#.#....
........#......#...[)[.........#.
.......##........[.)#..........##
.......#........))###..#.......##
..........#..[.)#..###.#......###
.#....##......<.#.## #####...####
.##.#####..[#...### #....# #.
##..# ##.......# #########
##.#####.......###### #.#.


You could see a deep elf zephyrmancer.

Vanquished Creatures
  Vashnia (Snake:4)
  Nikola (Swamp:2)
  Jorgrun (Orc:2)
  Gastronok (Lair:1)
  Kirke (Lair:5)
  6 nagarajas
  8 fenstrider witches
  Louise (Swamp:4)
  An orc warlord (Orc:1)
  2 ghouls (Swamp:3)
  A bunyip (Swamp:4)
  3 eleionomae
  A green death (Swamp:4)
  A fire dragon (D:15)
  An ettin (D:15)
  4 shambling mangroves
  Harold (Lair:1)
  3 ghost crabs (Swamp:4)
  Fannar (Orc:2)
  2 salamander tyrants (Snake:4)
  A vault guard (D:14)
  16 hydras
  6 ogre magi
  3 catoblepae (Lair:5)
  15 alligators
  17 anacondas
  A death knight (D:11)
  8 centaur warriors
  Erica (Lair:1)
  4 boulder beetles
  12 death yaks
  14 two-headed ogres
  Urug (Lair:1)
  4 tengu warriors
  A thrashing horror (Abyss:3)
  12 naga warriors
  8 shock serpents
  15 naga sharpshooters
  Nergalle (D:11)
  2 soul eaters (Swamp:4)
  2 skysharks
  2 sixfirhies (Swamp:4)
  3 salamander mystics (Snake:4)
  5 goliath frogs
  A wretched star (Abyss:3)
  3 skeletal warriors (D:11)
  A deep troll (D:15)
  5 swamp dragons
  5 arcanists
  10 spriggan druids
  12 mana vipers
  2 death drakes (Swamp:4)
  A flayed ghost (D:11)
  10 bog bodies
  9 naga ritualists
  9 orc knights
  A necromancer (Swamp:2)
  An obsidian bat (Orc:2)
  4 deep elf pyromancers
  20 ugly things
  5 cyclopes
  A wolf spider (D:11)
  6 orc sorcerers
  4 will-o-the-wisps
  33 black mambas
  A kobold blastminer (Orc:1)
  8 manticores
  10 salamanders
  13 elephants
  3 meliai
  Joseph (Lair:1)
  4 guardian serpents
  2 orange demons (Swamp:4)
  14 naga magi
  2 torpor snails
  8 cane toads
  A kobold demonologist (D:11)
  Jeremiah (D:8)
  3 unseen horrors
  2 rime drakes
  An unseen horror (shapeshifter) (D:14)
  10 komodo dragons
  3 freezing wraiths
  A yaktaur (D:11)
  An ancient zyme (Abyss:3)
  7 trolls
  4 hellwings (Swamp:4)
  3 polar bears
  2 tengu conjurers (D:15)
  11 hornets
  6 dream sheep (Lair:4)
  6 tyrant leeches
  Grinder (D:6)
  6 blink frogs (Lair:4)
  10 spriggans
  A spriggan (shapeshifter) (D:14)
  2 ynoxinuls (Abyss:3)
  5 shadows (D:11)
  50 yaks
  A vampire (D:9)
  7 wraiths
  2 wyverns
  A hog (Lair:5)
  A warg (Orc:1)
  6 basilisks
  2 chaos spawn (Swamp:4)
  A steam dragon (D:8)
  5 vampire mosquitoes
  38 nagas
  3 acid dragons
  24 water moccasins
  Duvessa (D:6)
  12 swamp worms
  A sky beast (D:7)
  22 orc warriors
  3 ice beasts
  5 black bears
  An ice beast (shapeshifter) (D:14)
  2 laughing skulls (D:14)
  2 swamp drakes
  29 ogres
  17 centaurs
  A phantom (D:7)
  6 kobold brigands
  6 bullfrogs
  A gnoll sergeant (D:11)
  6 scorpions
  10 wights
  Dowan (D:6)
  19 killer bees
  3 howler monkeys
  14 electric eels
  2 bombardier beetles
  14 jellies
  2 lava snakes (Lair:4)
  5 hounds
  Crazy Yiuf (D:7)
  17 orc priests
  4 iguanas
  15 orc wizards
  8 gnolls
  16 adders
  4 white imps (D:8)
  3 ufetubi (D:8)
  2 ribbon worms
  3 dart slugs
  65 orcs
  14 bats
  5 endoplasms
  6 goblins
  4 hobgoblins
  9 jackals
  26 kobolds
  3 quokkas
  4 ball pythons
  10 rats
1036 creatures vanquished.

Vanquished Creatures (others)
  A blizzard demon (Swamp:4)
  A naga ritualist (Snake:4)
  A rime drake (Lair:5)
  6 bloated husks
  2 humans (Lair:5)
  A kobold (D:8)
  26 foxfires
38 creatures vanquished.

Grand Total: 1074 creatures vanquished

Notes
Turn   | Place    | Note
-------+----------+-------------------------------------------
     0 | D:1      | jasper the Ghoul Fighter began the quest for the Orb.
     0 | D:1      | Reached XP level 1. HP: 19/19 MP: 1/1
   164 | D:1      | Reached skill level 3 in Unarmed Combat
   164 | D:1      | Reached XP level 2. HP: 26/26 MP: 2/2
   845 | D:2      | Reached skill level 4 in Unarmed Combat
   845 | D:2      | Reached XP level 3. HP: 31/31 MP: 3/3
  1062 | D:2      | Found a faded altar of an unknown god.
  1760 | D:2      | Reached XP level 4. HP: 35/38 MP: 4/4
  2184 | D:3      | Reached skill level 5 in Unarmed Combat
  2260 | D:3      | Reached XP level 5. HP: 37/45 MP: 5/5
  2344 | D:3      | Reached skill level 6 in Unarmed Combat
  2628 | D:3      | Reached XP level 6. HP: 49/51 MP: 6/6
  2876 | D:3      | Reached skill level 7 in Unarmed Combat
  2973 | D:4      | You fall into a shaft and drop 3 floors!
  2992 | D:5      | Entered Level 5 of the Dungeon
  3190 | D:4      | Found a staircase to the Ecumenical Temple.
  3196 | Temple   | Entered the Ecumenical Temple
  3211 | Temple   | Reached skill level 8 in Unarmed Combat
  3248 | D:4      | Reached XP level 7. HP: 57/57 MP: 7/7
  3910 | D:5      | Reached skill level 9 in Unarmed Combat
  4070 | D:5      | Reached skill level 10 in Unarmed Combat
  4070 | D:5      | Reached XP level 8. HP: 42/63 MP: 8/8
  4578 | D:6      | Noticed Grinder
  4598 | D:6      | Killed Grinder
  4599 | D:6      | Reached skill level 11 in Unarmed Combat
  5222 | D:6      | Found the +11 Singing Sword {sonic wave}
  5233 | D:6      | Reached skill level 12 in Unarmed Combat
  5262 | D:6      | Reached XP level 9. HP: 70/70 MP: 9/9
  5390 | D:6      | Noticed Dowan
  5394 | D:6      | Noticed Duvessa
  5405 | D:6      | Killed Duvessa
  5408 | D:6      | Killed Dowan
  5520 | D:7      | Reached skill level 5 in Shields
  6113 | D:7      | Found Kowiadir's Book Shop.
  6268 | D:7      | Found a runed translucent door.
  6269 | D:7      | Noticed Crazy Yiuf
  6553 | D:7      | Killed Crazy Yiuf
  6585 | D:8      | Noticed a centaur warrior
  6592 | D:8      | Killed a centaur warrior
  6593 | D:8      | Reached XP level 10. HP: 75/77 MP: 10/10
  6908 | D:8      | Noticed Jeremiah
  6956 | D:9      | Noticed a two-headed ogre
  6965 | D:9      | Killed a two-headed ogre
  7074 | D:9      | Found a sacrificial altar of Ru.
  7083 | D:9      | Found a snail-covered altar of Cheibriados.
  7545 | D:9      | Found Bus Zuro's Book Emporium.
  7626 | D:9      | Found a radiant altar of Vehumet.
  7671 | D:9      | Reached skill level 13 in Unarmed Combat
  7895 | D:9      | Reached XP level 11. HP: 81/82 MP: 11/11
  7918 | D:9      | Reached skill level 14 in Unarmed Combat
  8513 | D:10     | Entered Level 10 of the Dungeon
  8814 | D:10     | Found a staircase to the Lair.
  9099 | D:10     | Found an ornate altar of the Wu Jian Council.
  9245 | D:10     | Reached skill level 15 in Unarmed Combat
  9578 | D:10     | Found Lero's General Store.
  9618 | D:10     | Bought a scroll of teleportation for 42 gold pieces
  9618 | D:10     | Bought a potion of heal wounds for 70 gold pieces
  9627 | D:10     | Found a hide-covered altar of Uskayaw.
  9630 | D:10     | Noticed a +0 dagger
  9630 | D:10     | Noticed a +0 dagger
 10005 | D:11     | Noticed a skeletal warrior
 10016 | D:11     | Noticed a skeletal warrior
 10021 | D:11     | Killed a skeletal warrior
 10028 | D:11     | Reached skill level 16 in Unarmed Combat
 10043 | D:11     | Killed a skeletal warrior
 10169 | D:11     | Noticed a skeletal warrior
 10185 | D:11     | Killed a skeletal warrior
 10252 | D:11     | Noticed a manticore
 10284 | D:11     | Noticed a tengu warrior
 10286 | D:11     | Killed a manticore
 10287 | D:11     | Reached XP level 12. HP: 60/89 MP: 12/12
 10297 | D:11     | Noticed a seven-headed hydra
 10315 | D:11     | Killed a tengu warrior
 10316 | D:11     | Reached skill level 17 in Unarmed Combat
 10322 | D:11     | Killed a seven-headed hydra
 10549 | D:11     | Noticed a two-headed ogre
 10560 | D:11     | Killed a two-headed ogre
 10560 | D:11     | Noticed Nergalle
 10577 | D:11     | Killed Nergalle
 10649 | D:11     | Reached skill level 18 in Unarmed Combat
 10884 | D:11     | Identified the +2 leather armour of the Countless Shrikes
                  | {rC+ rN+}
 10918 | D:11     | Noticed a boulder beetle
 10926 | D:11     | Identified the amulet of Gaink {Reflect rF+ Will+ Str-3
                  | SH+5}
 10926 | D:11     | Noticed a death knight
 10984 | D:11     | Killed a death knight
 10985 | D:11     | Reached skill level 19 in Unarmed Combat
 11211 | D:11     | Noticed a two-headed ogre
 11221 | D:11     | Killed a two-headed ogre
 11325 | D:11     | Noticed a centaur warrior
 11338 | D:11     | Killed a centaur warrior
 11387 | D:11     | Reached XP level 13. HP: 83/94 MP: 13/13
 11420 | D:11     | Reached skill level 20 in Unarmed Combat
 11783 | D:11     | Found a bloodstained altar of Trog.
 12831 | D:8      | Found a blossoming altar of Fedhas.
 12833 | D:8      | Found a burning altar of Makhleb.
 12838 | D:8      | Became a worshipper of Makhleb the Destroyer
 12890 | D:8      | Killed Jeremiah
 13049 | Lair:1   | Entered Level 1 of the Lair of Beasts
 13104 | Lair:1   | Reached skill level 21 in Unarmed Combat
 13187 | Lair:1   | Noticed Erica
 13206 | Lair:1   | Killed Erica
 13206 | Lair:1   | Noticed Urug
 13215 | Lair:1   | Killed Urug
 13294 | Lair:1   | Noticed Joseph
 13310 | Lair:1   | Killed Joseph
 13523 | Lair:1   | Noticed Harold
 13537 | Lair:1   | Killed Harold
 13700 | Lair:1   | Noticed Gastronok
 13724 | Lair:1   | Killed Gastronok
 14199 | Lair:2   | Reached skill level 22 in Unarmed Combat
 14283 | Lair:2   | Found a staircase to the Snake Pit.
 14367 | Lair:2   | Reached * piety under Makhleb
 14380 | Lair:2   | Reached XP level 14. HP: 102/102 MP: 14/14
 15589 | Lair:3   | Found a staircase to the Swamp.
 15874 | Lair:4   | Reached skill level 23 in Unarmed Combat
 15979 | Lair:4   | Reached ** piety under Makhleb
 16224 | Lair:4   | Found a staircase to the Slime Pits.
 16226 | Lair:4   | Found a viscous altar of Jiyva.
 16888 | Lair:4   | Reached skill level 24 in Unarmed Combat
 16898 | Lair:4   | Reached *** piety under Makhleb
 17170 | Lair:5   | Entered Level 5 of the Lair of Beasts
 17663 | Lair:5   | Noticed Kirke
 17677 | Lair:5   | Killed Kirke
 17678 | Lair:5   | Reached XP level 15. HP: 107/107 MP: 15/15
 17889 | Lair:5   | Reached skill level 25 in Unarmed Combat
 17939 | Lair:5   | Reached **** piety under Makhleb
 18911 | Lair:5   | Learned a level 2 spell: Blink
 18915 | Lair:5   | Learned a level 3 spell: Swiftness
 19174 | D:12     | Found Urhat's Jewellery Boutique.
 19877 | D:12     | Found a staircase to the Orcish Mines.
 20707 | D:13     | Noticed a sphinx
 20707 | D:13     | Noticed an iron dragon
 21051 | D:14     | Reached skill level 26 in Unarmed Combat
 21585 | D:14     | Found a gate to the Vaults.
 21812 | D:15     | Entered Level 15 of the Dungeon
 22106 | D:15     | Reached ***** piety under Makhleb
 22439 | D:15     | Reached XP level 16. HP: 114/114 MP: 16/16
 22629 | D:15     | Reached skill level 27 in Unarmed Combat
 22681 | D:15     | Found a staircase to the Depths.
 22837 | D:15     | Found Dakkasiq's Superior Scales.
 23202 | Swamp:1  | Entered Level 1 of the Swamp
 23529 | Swamp:1  | Found a transporter.
 23531 | Swamp:1  | Noticed a tentacled monstrosity
 23535 | Swamp:1  | Noticed a fenstrider witch
 23535 | Swamp:1  | Noticed a tentacled monstrosity
 23543 | Swamp:1  | Found a transporter.
 23552 | Swamp:1  | Reached skill level 5 in Fighting
 23919 | Swamp:2  | Noticed Nikola
 25256 | Swamp:3  | Reached skill level 5 in Armour
 25495 | Swamp:4  | Entered Level 4 of the Swamp
 25631 | Swamp:4  | Noticed a fenstrider witch
 25655 | Swamp:3  | Killed a fenstrider witch
 25762 | Swamp:4  | Noticed a fenstrider witch
 25765 | Swamp:4  | Killed a fenstrider witch
 25947 | Swamp:4  | Paralysed by an orc sorcerer for 2 turns
 26729 | Swamp:4  | Reached XP level 17. HP: 138/138 MP: 17/17
 26907 | Swamp:4  | Reached ****** piety under Makhleb
 26920 | Swamp:4  | Noticed Louise
 26933 | Swamp:4  | Reached skill level 10 in Fighting
 26956 | Abyss:3  | Found a blossoming altar of Fedhas.
 26956 | Abyss:3  | Cast into level 3 of the Abyss (Louise)
 27110 | Swamp:4  | Escaped the Abyss
 27128 | Swamp:4  | Killed Louise
 27474 | Swamp:4  | Paralysed by something for 2 turns
 27696 | Swamp:4  | Got a decaying rune of Zot
 27900 | Swamp:2  | Killed Nikola
 28975 | Snake:1  | Entered Level 1 of the Snake Pit
 29593 | Snake:1  | Reached skill level 15 in Shields
 29798 | Snake:2  | Reached XP level 18. HP: 152/156 MP: 18/18
 30412 | Snake:2  | Found Emiwoc's Antique Armour Shoppe.
 30419 | Snake:2  | Bought a pair of ancient boots for 285 gold pieces
 30419 | Snake:2  | Identified the +2 pair of boots of Tender Moments {rF+
                  | Regen+} (You bought it in a shop on level 2 of the Snake
                  | Pit)
 31852 | Snake:4  | Entered Level 4 of the Snake Pit
 31852 | Snake:4  | Found Codanom's Antique Armour Shoppe.
 31895 | Snake:4  | Found Ceul's Jewellery Emporium.
 31895 | Snake:4  | Found Naiziar's Magic Scroll Shoppe.
 31916 | Snake:4  | Found Uleyfum's Distillery.
 31922 | Snake:4  | Bought a potion of curing for 30 gold pieces
 31922 | Snake:4  | Bought 2 potions of curing for 60 gold pieces
 31922 | Snake:4  | Bought a potion of curing for 30 gold pieces
 31922 | Snake:4  | Bought a potion of haste for 100 gold pieces
 31922 | Snake:4  | Bought a potion of heal wounds for 50 gold pieces
 31922 | Snake:4  | Bought a potion of curing for 30 gold pieces
 31922 | Snake:4  | Bought a potion of cancellation for 80 gold pieces
 31925 | Snake:4  | Bought a scroll of fear for 52 gold pieces
 31925 | Snake:4  | Bought a scroll of poison for 52 gold pieces
 31925 | Snake:4  | Bought a scroll of poison for 52 gold pieces
 31925 | Snake:4  | Bought a scroll of teleportation for 39 gold pieces
 32177 | Snake:4  | Noticed Hsik's ghost (adept OnFi)
 32185 | Snake:4  | Found a bloodstained altar of Trog.
 32192 | Snake:4  | Found a transporter.
 32207 | Snake:4  | Found a transporter.
 32350 | Snake:4  | Found Zirrud's Magic Scroll Shop.
 32356 | Snake:4  | Bought a scroll of teleportation for 51 gold pieces
 32356 | Snake:4  | Bought a scroll of enchant armour for 127 gold pieces
 32356 | Snake:4  | Bought a scroll of revelation for 127 gold pieces
 32396 | Snake:4  | Reached skill level 15 in Fighting
 32872 | Snake:4  | Reached XP level 19. HP: 171/171 MP: 19/19
 33000 | Snake:4  | Noticed Vashnia
 33028 | Snake:4  | Reached skill level 10 in Armour
 33053 | Snake:4  | Killed Vashnia
 33117 | Snake:4  | Got a serpentine rune of Zot
 33409 | Orc:1    | Entered Level 1 of the Orcish Mines
 33409 | Orc:1    | Found an ornate altar of the Wu Jian Council.
 33409 | Orc:1    | Found a transporter.
 33417 | Orc:1    | Found a transporter.
 33610 | Orc:1    | Found a transporter.
 33688 | Orc:1    | Found a transporter.
 33689 | Orc:1    | Found an ornate altar of the Wu Jian Council.
 33834 | Orc:2    | Entered Level 2 of the Orcish Mines
 33837 | Orc:2    | Found a roughly hewn altar of Beogh.
 33837 | Orc:2    | Noticed Jorgrun
 33852 | Orc:2    | Killed Jorgrun
 33931 | Orc:1    | Noticed Fannar
 33961 | Orc:2    | Killed Fannar
 34074 | Orc:2    | Found a staircase to the Elven Halls.
 34475 | Orc:2    | Found Fihept's Book Boutique.
 34475 | Orc:2    | Found Jimuna's Antique Armour Shoppe.
 34476 | Orc:2    | Found Rupab's General Store.
 34476 | Orc:2    | Found Vadi's Book Shop.
 34485 | Orc:2    | Bought a manual of Fighting for 1120 gold pieces
 34486 | Orc:2    | Bought a scroll of torment for 142 gold pieces
 34553 | Orc:2    | Found Durgh's Desiderata Depot.
 34795 | Elf:1    | Entered Level 1 of the Elven Halls
 34812 | Orc:2    | Killed from afar by a deep elf zephyrmancer

Illustrated notes

Levels and vault maps discovered:
D:1:      dpeg_arrival_lava_temple_mockup, layout_basic
D:2:      layout_basic, hellmonk_ecumenical_altar_slurped_away
D:3:      layout_basic, grunt_ministairs_5
D:4:      layout_loops_ring, minmay_temple_entry_hall, minmay_misc_feat_room
D:5:      layout_basic, eino_small_chamber_without_monster
D:6:      old_forge, layout_loops_corners, uniq_duvessa, uniq_grinder
D:7:      layout_basic, serial_shops, nicolae_shop_behind_doors,
          uniq_crazy_yiuf_cottage
D:8:      layout_rooms, minitemple, serial_demonic, serial_demonic_d,
          serial_demonic_f, serial_demonic_c, serial_demonic_c,
          serial_demonic_b, serial_demonic_b, serial_demonic_f,
          hangedman_abyss_or_decor_stabs, uniq_jeremiah
D:9:      layout_irregular_city, mainiacjoe_overflow_alcove_4,
          mainiacjoe_overflow_brackets, nicolae_overflow_hidden_temple,
          lemuel_crystal_altar, serial_shops, nicolae_lakefront_shop,
          chequers_big_river
D:10:     layout_grid_maze, overflow_temple_1_default, dancing_weapons_uskayaw,
          hellmonk_lair_entry_icy, serial_shops, shop
D:11:     minmay_the_grid_square_5x5_5x5_mashed [minmay_the_grid_square_5x5_z,
          minmay_the_grid_square_5x5_broken_cross, minmay_the_grid_square_5x5_c,
          minmay_the_grid_square_5x5_almost_minimal,
          minmay_the_grid_square_5x5_half_checkered,
          minmay_the_grid_square_5x5_two_walls_a,
          minmay_the_grid_square_5x5_prize_itemx,
          minmay_the_grid_square_5x5_moneybag,
          minmay_the_grid_square_5x5_prize_monsterx,
          minmay_the_grid_square_5x5_shrine1, minmay_the_grid_square_5x5_eight,
          minmay_the_grid_square_5x5_inverted_slash,
          minmay_the_grid_square_5x5_prize_rear_guard,
          minmay_the_grid_square_5x5_dogpile, minmay_the_grid_square_5x5_plus,
          minmay_the_grid_square_5x5_three_walls,
          minmay_the_grid_square_5x5_prize_pseudospiral,
          minmay_the_grid_square_5x5_inner_v,
          minmay_the_grid_square_5x5_prize_waves,
          minmay_the_grid_square_5x5_two_small,
          minmay_the_grid_square_5x5_corner,
          minmay_the_grid_square_5x5_bracketed,
          minmay_the_grid_square_5x5_empty,
          minmay_the_grid_square_5x5_pentomino_r,
          minmay_the_grid_square_5x5_hollow_slash], layout_loops_ring,
          portal_ice_cave_entry_pillars_2, uniq_nergalle
D:12:     layout_stronghold, orc_0_dummy, serial_shops, shop
D:13:     layout_long_grid, nicolae_rejected_hall
D:14:     layout_basic, david_vaults_4, zin_scriptorium
D:15:     hangedman_depths_entry_civil_slaughter, layout_basic,
          hangedman_abyss_or_decor_stagger, serial_curves, eino_curves_02,
          eino_curves_01, hellmonk_scale_shop
Temple:   minmay_temple_curvy_branch
Lair:1:   layout_chaotic_city, hangedman_lair_unloving_vines,
          nicolae_quartered_pool_super, pdpol_lair_neglected_garden,
          grunt_forest_large_clearings, uniq_harold, uniq_gastronok,
          uniq_joseph, uniq_urug, uniq_erica
Lair:2:   layout_hall_layers, minmay_snake_entry_six_corridors,
          grunt_megastairs_2
Lair:3:   layout_big_grid, minmay_swamp_entry_reptiles
Lair:4:   layout_regular_city, minmay_slime_entry_jelly_boxes,
          nicolae_lair_liquid_snakes
Lair:5:   evilmike_catoblepas_cave, layout_loops_ring, serial_bayou_shore_a,
          uniq_kirke
Swamp:1:  gammafunk_sealed_arena, layout_basic_swamp,
          nicolae_swamp_little_tower, nicolae_swamp_some_circles, swamp_pool_3
Swamp:2:  nicolae_swamp_standing_stones, layout_basic_swamp,
          nicolae_swamp_stuck_in_the_mud, uniq_nikola
Swamp:3:  layout_basic_swamp, nicolae_swamp_trees_clearing, swamp_pool_1_2,
          roderic_carrion_pond, infiniplex_staircase_pool
Swamp:4:  nzn_swamp_witches_coven, layout_basic_swamp, uniq_louise
Snake:1:  layout_gridlike
Snake:2:  layout_rooms, serial_shops, shop, grunt_megastairs_5
Snake:3:  layout_chambers, grunt_megastairs_4
Snake:4:  johnstein_snake_rune_scales, layout_misc_corridors, serial_shops,
          shop, gammafunk_ghost_wrathful_warriors, serial_bayou_shore_b,
          minmay_shoptagon, uniq_vashnia
Orc:1:    dreamdust_wu_jian_sword_trials, layout_caves, uniq_fannar
Orc:2:    st_orc_ogre_mass, layout_diamond_mine, basic_altar,
          nicolae_alphabet_shops, uniq_jorgrun
Elf:1:    minmay_elf_arrival_circle, layout_geoelf_diagonals,
          minmay_elf_necromancy, uniq_zenata, uniq_roxanne

Skill      XL: |  1  2  3  4  5  6  7  8  9 10 11 12 13 14 15 16 17 18 19 |
---------------+----------------------------------------------------------+-----
Unarmed Combat | 3 4 5 6 8 10 12 13 16 19 22 24 26 27 | 27.0
Shields        | 11 13 14 15 16 | 16.3
Fighting       | 9 12 15 17 | 17.0
Armour         | 5 8 9 10 | 10.6

Action                     |  1- 3 |  4- 6 |  7- 9 | 10-12 | 13-15 | 16-18 | 19-21 || total
---------------------------+-------+-------+-------+-------+-------+-------+-------++-------
  Melee: Unarmed           |    96 |   140 |   267 |   698 |  1149 |  1287 |   385 ||  4022
  Throw: Boomerang         |       |       |    10 |    21 |    10 |     6 |       ||    47
         Javelin           |       |       |       |     4 |       |       |       ||     4
         Dart              |       |       |       |    10 |       |       |       ||    10
         Throwing net      |       |       |       |     1 |       |       |       ||     1
 Invoke: Lesser Servant of |       |       |       |       |     1 |       |       ||     1
  Evoke: Wand              |       |       |       |    22 |     4 |     3 |       ||    29
         Tin of tremorston |       |       |       |       |     3 |     2 |       ||     5
         Sack of spiders   |       |       |       |       |     1 |     2 |       ||     3
         Phial of floods   |       |       |       |       |       |     1 |       ||     1
    Use: Scroll            |     2 |     4 |     8 |     9 |    12 |    10 |       ||    45
         Potion            |       |     1 |       |     3 |     1 |     8 |       ||    13
 Armour: Scale mail        |    45 |    89 |    76 |       |       |       |       ||   210
         Plate armour      |       |       |    50 |   249 |       |       |       ||   299
         Pearl dragon scal |       |       |       |    69 |   501 |       |       ||   570
         Crystal plate arm |       |       |       |       |    57 |   901 |   143 ||  1101
  Dodge: Dodged            |    39 |    36 |    45 |    61 |   120 |    63 |     7 ||   371
  Block: Kite shield       |    23 |    47 |   130 |       |       |       |       ||   200
         Tower shield      |    13 |       |    36 |   757 |   961 |  1288 |   328 ||  3383
         Reflection        |       |       |     7 |    46 |    37 |    94 |    49 ||   233

Table legend: (Time is in decaauts)
 A = Elapsed time spent in this place.
 B = Non-inter-level travel time spent in this place.
 C = Inter-level travel time spent in this place.
 D = Time resting spent in this place.
 E = Time spent auto-exploring this place.
 F = Levels seen in this place.
 G = Mean time per level.
                   A        B        C        D        E       F      G
               +--------+--------+--------+--------+--------+-----+--------+
         Total |  34081 |  32132 |   1949 |   4854 |  19487 |  33 | 1032.8 |
       Dungeon |  17009 |  15973 |   1036 |   1821 |  10467 |  15 | 1133.9 |
        Temple |     41 |     41 |      0 |     27 |      0 |   1 |   41.0 |
          Lair |   5933 |   5488 |    445 |    759 |   3305 |   5 | 1186.6 |
         Swamp |   5572 |   5388 |    184 |   1747 |   2507 |   4 | 1393.0 |
     Snake Pit |   4077 |   3866 |    211 |    280 |   2507 |   4 | 1019.2 |
  Orcish Mines |   1290 |   1220 |     70 |    124 |    677 |   2 |  645.0 |
   Elven Halls |      5 |      5 |      0 |      0 |      0 |   1 |    5.0 |
         Abyss |    151 |    151 |      0 |     95 |     22 |   1 |  151.0 |
               +--------+--------+--------+--------+--------+-----+--------+

Top non-repeatable levels by time:
    D:11: 2516 daAuts
 Swamp:4: 2093 daAuts
 Swamp:3: 1695 daAuts
     D:9: 1593 daAuts
  Lair:5: 1590 daAuts
    D:10: 1410 daAuts
  Lair:4: 1376 daAuts
 Snake:4: 1244 daAuts
     D:2: 1234 daAuts
    D:12: 1231 daAuts
    D:15: 1205 daAuts
 Snake:3: 1127 daAuts
     D:7: 1104 daAuts
     D:6: 1097 daAuts
  Lair:1: 1066 daAuts
